 Dungeon Crawl Stone Soup version 0.26-a0-519-gb2f46ef (webtiles) character file.

Game seed: 4159340900059361715

0 roflturtle the Gusty (level 1, -5/14 HPs)
             Began as a Demigod Air Elementalist on Aug 10, 2020.
             Slain by a kobold
             ... wielding a +0 spear
              (7 damage)
             ... on level 1 of the Dungeon.
             The game lasted 00:01:28 (42 turns).

roflturtle the Gusty (Demigod Air Elementalist)       Turns: 42, Time: 00:01:28

Health: -5/14      AC:  2    Str: 11    XL:     1   Next: 6%
Magic:  0/5        EV: 12    Int: 19    God:
Gold:   0          SH:  0    Dex: 16    Spells: 2/3 levels left

rFire    . . .     SeeInvis .   (no weapon)
rCold    . . .     Faith    .   (no shield)
rNeg     . . .     Spirit   .   a - +0 robe
rPois    .         Reflect  .   (no helmet)
rElec    .         Harm     .   (no cloak)
rCorr    .                      (no gloves)
MR       .....                  (no boots)
Stlth    ++........             (no amulet)
HPRegen  0.04/turn              (no ring)
MPRegen  0.09/turn              (no ring)

@: very slightly contaminated
A: high mp 1
a: no special abilities


You were on level 1 of the Dungeon.
You visited 1 branch of the dungeon, and saw 1 of its levels.

Inventory:

Armour
 a - a +0 robe (worn)
Scrolls
 b - a scroll of remove curse {unknown}
 c - a scroll of teleportation {unknown}


   Skills:
 + Level 1.7 Dodging
 - Level 1.7 Stealth
 - Level 1.7 Spellcasting
 - Level 1.0 Conjurations
 - Level 2.6 Air Magic


You had 2 spell levels left.
You knew the following spells:

 Your Spells              Type           Power        Failure   Level
a - Shock                 Conj/Air       #...         9%          1

Your spell library contained the following spells:

 Spells                   Type           Power        Failure   Level
 Swiftness                Air            ##......     9%          2
 Static Discharge         Conj/Air       #.......     24%         3
 Airstrike                Air            ##........   50%         4
 Lightning Bolt           Conj/Air       #.........   92%         5


Dungeon Overview and Level Annotations

Branches:
Dungeon (1/15)


Innate Abilities, Weirdness & Mutations

You have an increased reservoir of magic. (+10% MP)


Message History

Aiming: Shock (safe; 9% risk of failure)
Press: ? - help, Shift-Dir - straight line, f/p - kobold
Aim: a kobold, wielding a +0 spear You miscast Shock.
Nothing appears to happen.
The kobold barely misses you. The kobold hits you with a +0 spear.
You miss the kobold. The kobold misses you.
You barely miss the kobold. The kobold closely misses you.
You closely miss the kobold. The kobold hits you but does no damage.
You closely miss the kobold. The kobold completely misses you.
Casting: Shock (safe; 9% risk of failure)
Confirm with . or Enter, or press ? or * to list all spells.
Aiming: Shock (safe; 9% risk of failure)
Press: ? - help, Shift-Dir - straight line, f/p - kobold
Aim: a kobold, wielding a +0 spear The zap misses the kobold.
The kobold hits you with a +0 spear.
* * * LOW HITPOINT WARNING * * *
You barely miss the kobold. The kobold misses you.
You barely miss the kobold. The kobold hits you with a +0 spear!
Ouch! That really hurt!
You die...

♣.♣....P♣.♣ #
♣....♣P♣♣P♣##### .#
♣...♣♣♣♣♣P♣#...# ..#
♣<.........'.#.# ###..#
♣♣♣♣♣♣♣♣♣♣♣###.##....(#
#.(......# ###.......#
#.........# #.#@$.....#
......K##....## ....#..
....# ..#.#). #.#..# #
#.. .#.## #.. .. # ...
.#. ...


You could see a kobold.

Vanquished Creatures
  A rat (D:1)
1 creature vanquished.

Notes
Turn   | Place    | Note
-------+----------+-------------------------------------------
     0 | D:1      | roflturtle the Demigod Air Elementalist began the quest for
                  | the Orb.
     0 | D:1      | Reached XP level 1. HP: 14/14 MP: 5/5
    30 | D:1      | Reached skill level 1 in Conjurations
    42 | D:1      | Slain by a kobold

Illustrated notes

Levels and vault maps discovered:
D:1:      psy_arrival_fountain, layout_loops_ring

Skill      XL: |  1 |
---------------+----+-----
Conjurations   | 1 |  1.0
Dodging        | |  1.7
Stealth        | |  1.7
Spellcasting   | |  1.7
Air Magic      | |  2.6

Action                   || total
-------------------------++-------
Melee: Unarmed           ||     6
 Cast: Shock             ||     3
Dodge: Dodged            ||     6

Table legend: (Time is in decaauts)
 A = Elapsed time spent in this place.
 B = Non-inter-level travel time spent in this place.
 C = Inter-level travel time spent in this place.
 D = Time resting spent in this place.
 E = Time spent auto-exploring this place.
 F = Levels seen in this place.
 G = Mean time per level.
                   A        B        C        D        E       F      G
               +--------+--------+--------+--------+--------+-----+--------+
         Total |     42 |     42 |      0 |      0 |     25 |   1 |   42.0 |
       Dungeon |     42 |     42 |      0 |      0 |     25 |   1 |   42.0 |
               +--------+--------+--------+--------+--------+-----+--------+

Top non-repeatable levels by time:
     D:1: 42 daAuts
